 Dungeon Crawl Stone Soup version 0.27-a0-1188-g73eefd5def (webtiles) character file.

Game seed: 12985024363128745355

20 ahrsahrtis the Stinger (level 3, 0/20 HPs)
             Began as a Kobold Venom Mage on May 20, 2021.
             Slain by a jackal (2 damage)
             ... on level 1 of the Dungeon on May 21, 2021.
             The game lasted 00:04:04 (1281 turns).

ahrsahrtis the Stinger (Kobold Venom Mage)          Turns: 1281, Time: 00:04:05

Health: 0/20       AC:  3    Str:  5    XL:     3   Next: 0%
Magic:  0/6        EV: 14    Int: 17    God:
Gold:   44         SH:  0    Dex: 15    Spells: 5/6 levels left

rFire    . . .     SeeInvis .   e - +0 club
rCold    . . .     Faith    .   (shield restricted)
rNeg     . . .     Spirit   .   c - +0 leather armour
rPois    .         Reflect  .   (no helmet)
rElec    .         Harm     .   (no cloak)
rCorr    .         Rampage  .   (no gloves)
Will     .....                  (no boots)
Stlth    +++.......             (no amulet)
HPRegen  0.06/turn              (no ring)
MPRegen  0.10/turn              (no ring)

@: very slightly contaminated
A: small, no large weapons, nightstalker 3
a: no special abilities


You were on level 1 of the Dungeon.
You visited 1 branch of the dungeon, and saw 1 of its levels.

You collected 44 gold pieces.

Inventory:

Hand Weapons
 e - a +0 club (weapon)
Missiles
 f - 7 boomerangs of dispersal
Armour
 a - a +0 robe
 c - a +0 leather armour (worn)
Scrolls
 b - a scroll of fear
 d - a scroll of identify


   Skills:
 * Level 0.9 Fighting
 + Level 2.7 Dodging
 + Level 2.9 Stealth
 * Level 2.4 Spellcasting
 + Level 1.2 Transmutations
 * Level 3.2 Poison Magic


You had 5 spell levels left.
You knew the following spells:

 Your Spells              Type           Power      Damage    Failure   Level
a - Sting                 Tmut/Pois      36%        1d4       12%         1

Your spell library contained the following spells:

 Spells                   Type           Power      Damage    Failure   Level
 Poisonous Vapours        Pois/Air       14%        N/A       24%         2
 Ignite Poison            Fire/Tmut/Pois 7%         N/A       45%         3
 Mephitic Cloud           Conj/Pois/Air  5%         N/A       52%         3
 Olgreb's Toxic Radiance  Pois           13%        N/A       63%         4


Dungeon Overview and Level Annotations

Branches:
Dungeon (1/15)

Altars:


Innate Abilities, Weirdness & Mutations

You are small and have problems with some larger weapons.
You are completely attuned to the shadows.


Message History

Press: ? - help, Shift-Dir - straight line, f/p - jackal
Aim: a jackal (moderately wounded, poisoned, 60% to hit)
The sting hits the jackal.
The jackal looks even sicker.
The jackal is heavily wounded.
You kill the jackal!
The jackal bites you.
You have reached level 3!
Your experience leads to an increase in your attributes!
Increase (S)trength, (I)ntelligence, or (D)exterity?
You feel clever.
Casting: Sting (safe; 12% risk of failure)
Confirm with . or Enter, or press ? or * to list all spells.
Aiming: Sting (safe; 12% risk of failure)
Press: ? - help, Shift-Dir - straight line, f - jackal
Aim: a jackal (60% to hit)
You miscast Sting.
You are very lightly contaminated with residual magic.
Nothing appears to happen.
The jackal misses you. x2
Casting: Sting (safe; 12% risk of failure)
Confirm with . or Enter, or press ? or * to list all spells.
You don't have enough magic to cast this spell.
Unknown command.
You hit the jackal.
The jackal is severely wounded.
The jackal bites you. The endoplasm freezes you.
You are frozen.
The jackal completely misses you.
You closely miss the jackal.
The jackal is severely wounded.
The endoplasm freezes you.
You are frozen.
* * * LOW HITPOINT WARNING * * *
The jackal misses you.
The endoplasm hits you but does no damage.
You aren't carrying any potions.
As you read the scroll labelled FIHEQE YNKUFFE, it crumbles to dust.
It is a scroll of identify.
b - a scroll of fear The jackal bites you.
You die...

#.####
########.#
#........#
#.########
......##.#
#.)...##.#
#.....##.#
###..J.$##.#
.....@†....#
......h....#
.............
..............
..............
# . ## ..


You could see an endoplasm and a jackal.

Vanquished Creatures
  A dart slug (D:1)
  An endoplasm (D:1)
  A giant cockroach (D:1)
  2 goblins (D:1)
  A hobgoblin (D:1)
  2 jackals (D:1)
  A kobold (D:1)
  A quokka (D:1)
  A ball python (D:1)
  3 bats (D:1)
  2 frilled lizards (D:1)
  A rat (D:1)
17 creatures vanquished.

Notes
Turn   | Place    | Note
-------+----------+-------------------------------------------
     0 | D:1      | ahrsahrtis the Kobold Venom Mage began the quest for the
                  | Orb.
     0 | D:1      | Reached XP level 1. HP: 10/10 MP: 3/3
   370 | D:1      | Reached XP level 2. HP: 12/16 MP: 3/5
  1278 | D:1      | Reached XP level 3. HP: 11/20 MP: 1/6
  1281 | D:1      | Slain by a jackal

Illustrated notes

Levels and vault maps discovered:
D:1:      dpeg_arrival_long_road, layout_basic, ebering_ecumenical_altar_webs,
          minmay_crystal_room

Action                   || total
-------------------------++-------
Melee: Club              ||    59
 Cast: Sting             ||    16
  Use: Scroll            ||     1
 Stab: Sleeping          ||     4
Armor: Leather armour    ||    24
Dodge: Dodged            ||    55

Table legend: (Time is in decaauts)
 A = Elapsed time spent in this place.
 B = Non-inter-level travel time spent in this place.
 C = Inter-level travel time spent in this place.
 D = Time resting spent in this place.
 E = Time spent auto-exploring this place.
 F = Levels seen in this place.
 G = Mean time per level.
                   A        B        C        D        E       F      G
               +--------+--------+--------+--------+--------+-----+--------+
         Total |   1298 |   1298 |      0 |    219 |    892 |   1 | 1298.0 |
       Dungeon |   1298 |   1298 |      0 |    219 |    892 |   1 | 1298.0 |
               +--------+--------+--------+--------+--------+-----+--------+

Top non-repeatable levels by time:
     D:1: 1298 daAuts
